 Dungeon Crawl Stone Soup version 0.27-a0-1228-gfd60fd639a (webtiles) character file.

Game seed: 7680476563778337448

7128 dickylongcocking the Martial Artist (level 11, 0/81 HPs)
             Began as an Octopode Delver on June 7, 2021.
             Was a Follower of Nemelex Xobeh.
             Slain by a kobold brigand
             ... wielding a +0 club
              (8 damage)
             ... on level 9 of the Dungeon.
             The game lasted 00:12:08 (12137 turns).

dickylongcocking the Martial Artist (OpDe)         Turns: 12137, Time: 00:12:09

Health: 0/81       AC:  1    Str: 12    XL:     11   Next: 10%
Magic:  24/24      EV: 19    Int: 15    God:    Nemelex Xobeh [*.....]
Gold:   244        SH:  0    Dex: 14    Spells: 14/16 levels left

rFire    . . .     SeeInvis +     - Unarmed
rCold    . . .     Faith    .   (no shield)
rNeg     + . .     Spirit   .   (helmet restricted)
rPois    .         Reflect  .   (no amulet)
rElec    .         Harm     .   g - ring of positive energy
rCorr    +         Rampage  .   j - +4 ring of evasion
Will     .....                  l - ring of resist corrosion
Stlth    +++.......             t - ring of magical power
HPRegen  0.23/turn              o - ring of see invisible
MPRegen  0.19/turn              (no ring)
                                (no ring)
                                (no ring)

@: silenced, attractive
A: almost no armour, amphibious, 8 rings, camouflage 1, gelatinous body 1,
(nimble swimmer 1), tentacles
a: Renounce Religion


You were on level 9 of the Dungeon.
You worshipped Nemelex Xobeh.
Nemelex Xobeh was aware of your devotion.
You visited 2 branches of the dungeon, and saw 10 of its levels.

You collected 400 gold pieces.
You spent 156 gold pieces at shops.

Inventory:

Missiles
 u - 3 curare-tipped darts (quivered)
Jewellery
 g - a ring of positive energy (left tentacle)
 j - a +4 ring of evasion (right tentacle)
 l - a ring of resist corrosion (on tentacle)
 o - a ring of see invisible (on tentacle)
 p - a ring of ice
 t - a ring of magical power (on tentacle)
Wands
 a - a wand of mindburst (15)
 e - a wand of digging (8)
 f - a wand of polymorph (17)
 y - a wand of flame (17)
Scrolls
 b - 2 scrolls of magic mapping
 c - a scroll of torment {unknown}
 h - a scroll of summoning {unknown}
 i - a scroll of immolation
 m - a scroll of silence
 s - 2 scrolls of amnesia {unknown}
 w - 3 scrolls of teleportation
 x - 4 scrolls of identify
Potions
 k - a potion of brilliance
 v - a potion of flight
 z - a potion of cancellation
 A - a potion of attraction
 B - a potion of invisibility


   Skills:
 * Level 10.0 Fighting
 - Level 6.0 Dodging
 - Level 6.6 Stealth
 * Level 11.0 Unarmed Combat
 - Level 3.0 Spellcasting
 - Level 1.6 Summonings
 * Level 4.7 Invocations


You had 14 spell levels left.
You knew the following spells:

 Your Spells              Type           Power      Damage    Failure   Level
a - Summon Small Mammal   Summ           28%        N/A       11%         1
b - Apportation           Tloc           4%         N/A       21%         1

Your spell library contained the following spells:

 Spells                   Type           Power      Damage    Failure   Level
 Animate Skeleton         Necr           4%         N/A       21%         1
 Corona                   Hex            2%         N/A       21%         1
 Magic Dart               Conj           8%         1d3       21%         1
 Searing Ray              Conj           4%         3d3       30%         2
 Dazzling Flash           Conj/Hex       4%         N/A       52%         3
 Fulminant Prism          Conj/Hex       1%         3d6       89%         4
 Iskenderun's Mystic Bla  Conj/Tloc      2%         2d3       89%         4


Dungeon Overview and Level Annotations

Branches:
Dungeon (9/15)             Temple (1/1) D:7            Lair (0/6) D:9
    Orc: D:9-12

Altars:
Ashenzari
Cheibriados
Dithmenos
Elyvilon
Fedhas
Gozag
Kikubaaqudgha
Makhleb
Nemelex Xobeh
Okawaru
Ru
Sif Muna
Trog
Uskayaw
Vehumet
Wu Jian
Xom
Yredelemnul
Zin
The Shining One

Shops:
D:4 (   D:5 ?

Annotations:
D:9 indyram44's ghost, novice GnVM


Innate Abilities, Weirdness & Mutations

You cannot wear most types of armour.
You are amphibious.
You can wear up to eight rings at the same time.
Your skin changes colour to match your surroundings (Stealth+).
Your rubbery body absorbs attacks. (AC +1, EV +1)
((You are camouflaged near water. (Stealth+)))
You have tentacles for arms and can constrict up to eight enemies at once.


Message History

You tentacle-slap the kobold demonologist but do no damage.
Your grab misses the kobold demonologist.
The kobold demonologist is heavily wounded.
The kobold demonologist closely misses you.
You batter the kobold demonologist!!
Your grab misses the kobold demonologist.
The kobold demonologist is almost dead.
The kobold demonologist hits you with a +0 dagger.
* * * LOW HITPOINT WARNING * * *
You barely miss the kobold demonologist.
Your grab misses the kobold demonologist.
You squeeze the kobold demonologist.
You kill the kobold demonologist!
The kobold brigand throws a poisoned dart.
The poisoned dart closely misses you.
The kobold brigand is pulled toward you! x2
Your Fighting skill increases to level 10!
You closely miss the kobold brigand. You grab the kobold brigand.
You constrict the kobold brigand. The kobold brigand misses you.
You tentacle-slap the kobold brigand.
The kobold brigand is moderately wounded.
You constrict the kobold brigand.
The kobold brigand hits you with a +0 dagger!
* * * LOW HITPOINT WARNING * * *
You bludgeon the kobold brigand!
The kobold brigand is severely wounded.
You constrict the kobold brigand. You bludgeon the kobold brigand!
You kill the kobold brigand!
You closely miss the kobold brigand. Your grab misses the kobold brigand.
The kobold brigand hits you with a +0 club!
* * * LOW HITPOINT WARNING * * *
You bludgeon the kobold brigand! You grab the kobold brigand.
You tentacle-slap the kobold brigand!
You squeeze the kobold brigand, but do no damage.
The kobold brigand is heavily wounded.
You constrict the kobold brigand, but do no damage.
The kobold brigand hits you with a +0 club!
You die...
Your body disappears without a glow.

........K4.'.....#
...K)K...KK#.....#...
....K...K§K#.>...#...
###©####K.545....#..# #
.#####.....#..#
#.5..#.....#..#
.#...##K...#..#
.....W#.####..#
©..##53#.KK@...##
..#....5#.#####..#
#=..##.##.....#..#######
...#......#......... #..
#......'.......# ##
.......#.......#
...#.....#.......#
#.......##.......#
#....P...........#


You could see a neqoxec, a kobold brigand, 2 quasits, indyram44's ghost and a
kobold.

Vanquished Creatures
  A two-headed ogre (D:5)
  3 kobold demonologists (D:9)
  Grinder (D:5)
  A shadow (D:9)
  Sigmund (D:6)
  7 yaks
  2 wyverns (D:8)
  2 steam dragons
  Menkaure (D:4)
  6 water moccasins
  Duvessa (D:7)
  3 orc warriors
  A necrophage (D:6)
  2 sky beasts
  3 black bears
  An ogre (D:5)
  3 centaurs
  A phantom (D:7)
  Blork the orc (D:5)
  2 kobold brigands
  Dowan (D:7)
  3 bullfrogs
  6 scorpions
  A howler monkey (D:9)
  An electric eel (D:7)
  A bullfrog skeleton (D:5)
  A bullfrog zombie (D:5)
  4 orc priests
  4 hounds
  A jelly (D:8)
  A gnoll shaman (D:8)
  4 orc wizards
  A howler monkey zombie (D:8)
  4 gnolls (D:8)
  3 adders
  A white imp (D:8)
  An ufetubus (D:6)
  An adder zombie (D:5)
  4 worms
  5 dart slugs
  22 orcs
  8 ball pythons
  8 endoplasms
  6 giant cockroaches
  A goblin (D:2)
  6 hobgoblins
  12 jackals
  16 kobolds
  5 quokkas
  2 bats
  5 frilled lizards
  A jackal skeleton (D:4)
  4 rats
187 creatures vanquished.

Vanquished Creatures (others)
  41 fungi (D:9)
  41 plants (D:9)
82 creatures vanquished.

Grand Total: 269 creatures vanquished

Notes
Turn   | Place    | Note
-------+----------+-------------------------------------------
     0 | D:5      | dickylongcocking the Octopode Delver began the quest for
                  | the Orb.
     0 | D:5      | Reached XP level 1. HP: 16/16 MP: 1/1
    16 | D:5      | Found Eluffe's Magic Scroll Boutique.
    18 | D:5      | Noticed an ogre
   375 | D:6      | Noticed Sigmund
   396 | D:6      | Killed Sigmund
   397 | D:6      | Reached skill level 5 in Unarmed Combat
   397 | D:6      | Reached XP level 2. HP: 3/21 MP: 2/2
   397 | D:6      | Reached XP level 3. HP: 4/26 MP: 3/3
   397 | D:6      | Reached XP level 4. HP: 5/31 MP: 4/4
   397 | D:6      | Reached XP level 5. HP: 6/36 MP: 5/5
   789 | D:6      | Noticed a centaur
   798 | D:6      | Killed a centaur
   799 | D:6      | Reached skill level 6 in Unarmed Combat
   799 | D:6      | Reached XP level 6. HP: 43/43 MP: 6/6
  1007 | D:6      | Learned a level 1 spell: Summon Small Mammal
  1209 | D:6      | Reached skill level 1 in Summonings
  1226 | D:6      | Reached skill level 1 in Spellcasting
  1312 | D:6      | Noticed an orc warrior
  1333 | D:6      | HP: 1/43 [orc warrior/+0 hand axe (15)]
  1370 | D:5      | Noticed a two-headed ogre
  1394 | D:5      | Noticed Grinder
  1969 | D:1      | Found a faded altar of an unknown god.
  2072 | D:1      | Learned a level 1 spell: Apportation
  3185 | D:2      | Reached XP level 7. HP: 47/47 MP: 9/9
  3279 | D:3      | Found a shadowy altar of Dithmenos.
  4524 | D:4      | Found Utirr's Antique Weapon Boutique.
  4968 | D:4      | Noticed Menkaure
  4993 | D:4      | Killed Menkaure
  5086 | D:5      | Bought a scroll of teleportation for 36 gold pieces
  5086 | D:5      | Bought a scroll of identify for 24 gold pieces
  5089 | D:5      | Bought a scroll of identify for 24 gold pieces
  5099 | D:5      | Bought a scroll of identify for 24 gold pieces
  5099 | D:5      | Bought a scroll of identify for 24 gold pieces
  5099 | D:5      | Bought a scroll of identify for 24 gold pieces
  5148 | D:5      | Reached XP level 8. HP: 48/54 MP: 12/12
  5692 | D:5      | Paralysed by Grinder for 3 turns
  5701 | D:5      | Killed Grinder
  5702 | D:5      | Reached skill level 5 in Fighting
  5702 | D:5      | Reached skill level 7 in Unarmed Combat
  6181 | D:5      | Killed a two-headed ogre
  6182 | D:5      | Reached skill level 5 in Dodging
  6182 | D:5      | Reached skill level 8 in Unarmed Combat
  6182 | D:5      | Reached XP level 9. HP: 62/63 MP: 13/13
  6527 | D:5      | Identified the +9 flail of the Leaping Ass {flame, Stlth+}
  6629 | D:5      | Noticed Blork the orc
  6637 | D:5      | Killed Blork the orc
  7367 | D:7      | Noticed Duvessa
  7368 | D:7      | Noticed Dowan
  7376 | D:7      | Killed Duvessa
  7379 | D:7      | Killed Dowan
  7639 | D:7      | Reached skill level 9 in Unarmed Combat
  8462 | D:7      | Found a staircase to the Ecumenical Temple.
  8480 | Temple   | Entered the Ecumenical Temple
  8762 | Temple   | Became a worshipper of Nemelex Xobeh the Trickster
  9490 | D:8      | Reached XP level 10. HP: 72/72 MP: 14/14
 10129 | D:8      | Reached * piety under Nemelex Xobeh
 10510 | D:9      | Received a gift from Nemelex Xobeh
 10516 | D:9      | Reached skill level 10 in Unarmed Combat
 10735 | D:9      | Reached skill level 1 in Invocations
 10868 | D:9      | Found a staircase to the Lair.
 12089 | D:9      | Noticed a kobold demonologist
 12090 | D:9      | Noticed a kobold demonologist
 12092 | D:9      | Noticed a kobold demonologist
 12099 | D:9      | Noticed an orange demon
 12111 | D:9      | Noticed a rust devil
 12112 | D:9      | Noticed indyram44's ghost (novice GnVM)
 12116 | D:9      | Noticed a sun demon
 12116 | D:9      | Killed a kobold demonologist
 12117 | D:9      | Reached XP level 11. HP: 32/81 MP: 15/15
 12128 | D:9      | Reached skill level 11 in Unarmed Combat
 12132 | D:9      | Reached skill level 10 in Fighting
 12137 | D:9      | Slain by a kobold brigand

Illustrated notes

Levels and vault maps discovered:
D:1:      minmay_arrival_up_and_down, layout_basic,
          shapermc_ecumenical_altar_mp_highgroup
D:2:      minmay_spotlight, layout_basic, grunt_decor_junction
D:3:      kennysheep_big_flooded_room, layout_loops_ring, old_standard_altar
D:4:      layout_rooms, serial_shops, shop, grunt_ministairs_1, uniq_menkaure
D:5:      layout_basic, serial_shops,
          nicolae_shop_temple_entry_statues_fountains, uniq_blork_the_orc,
          uniq_grinder
D:6:      layout_loops_cross, uniq_sigmund
D:7:      layout_layer_cave, minmay_temple_entry_proselytizer,
          nicolae_water_bricks, uniq_duvessa
D:8:      layout_loops_ring, kennysheep_generic_room_8
D:9:      layout_irregular_city, due_lair_maze_entry_diamond, orc_0_dummy,
          gammafunk_ghost_stat_death, nicolae_benzene_ring
Temple:   roderic_octagonal_lattice_temple

Skill      XL: |  1  2  3  4  5  6  7  8  9 10 11 |
---------------+----------------------------------+-----
Unarmed Combat | 5 6 8 9 10 11 | 11.0
Summonings     | 1 |  1.6
Spellcasting   | 1 3 |  3.0
Fighting       | 4 6 8 9 10 | 10.0
Dodging        | 3 5 6 |  6.0
Invocations    | 4 |  4.7
Stealth        | |  6.6

Action                   |  1- 3 |  4- 6 |  7- 9 | 10-12 || total
-------------------------+-------+-------+-------+-------++-------
Melee: Unarmed           |    13 |   111 |   244 |   200 ||   568
       Constrict         |     5 |    23 |    47 |    32 ||   107
       Tentacles         |     5 |    18 |    47 |    46 ||   116
       Punch             |       |     4 |    15 |    17 ||    36
 Cast: Summon Small Mamm |       |     3 |    15 |     8 ||    26
Invok: Draw Destruction  |       |       |       |     2 ||     2
Evoke: Wand              |       |       |     3 |    13 ||    16
  Use: Scroll            |       |     1 |     9 |     3 ||    13
       Potion            |       |     1 |     3 |     6 ||    10
 Stab: Sleeping          |     1 |    15 |    23 |     6 ||    45
       Distracted        |       |       |     1 |       ||     1
Armor: Skin              |     2 |     1 |     8 |     5 ||    16
Dodge: Dodged            |     8 |    64 |   170 |   146 ||   388

Table legend: (Time is in decaauts)
 A = Elapsed time spent in this place.
 B = Non-inter-level travel time spent in this place.
 C = Inter-level travel time spent in this place.
 D = Time resting spent in this place.
 E = Time spent auto-exploring this place.
 F = Levels seen in this place.
 G = Mean time per level.
                   A        B        C        D        E       F      G
               +--------+--------+--------+--------+--------+-----+--------+
         Total |  12050 |  11768 |    282 |   3065 |   6861 |  10 | 1205.0 |
       Dungeon |  11751 |  11485 |    266 |   3065 |   6622 |   9 | 1305.7 |
        Temple |    299 |    283 |     16 |      0 |    239 |   1 |  299.0 |
               +--------+--------+--------+--------+--------+-----+--------+

Top non-repeatable levels by time:
     D:7: 1796 daAuts
     D:5: 1750 daAuts
     D:8: 1604 daAuts
     D:6: 1491 daAuts
     D:4: 1207 daAuts
     D:9: 1178 daAuts
     D:3: 1166 daAuts
     D:1: 898 daAuts
     D:2: 658 daAuts
  Temple: 299 daAuts
